 Dungeon Crawl Stone Soup version 0.26.0-10-g1f06aea511 (webtiles) character file.

Game seed: 11745394253344882611

169 inc the Ducker (level 5, -1/24 HPs)
             Began as a Felid Chaos Knight on Jan 31, 2021.
             Was a Plaything of Xom.
             Slain by an orc wizard
             ... wielding a +0 dagger
              (3 damage)
             ... on level 4 of the Dungeon.
             The game lasted 00:04:36 (4055 turns).

inc the Ducker (Felid Chaos Knight)                 Turns: 4055, Time: 00:04:37

Health: -1/24      AC:  1    Str:  8    XL:     5   Next: 25%
Magic:  6/6        EV: 22    Int: 14    God:    Xom [...*..]
Gold:   154        SH:  0    Dex: 16    Spells: 4/4 levels left
                                        Lives:  0   Deaths: 1

rFire    . . .     SeeInvis +     - Unarmed
rCold    . . .     Faith    .   (shield unavailable)
rNeg     . . .     Spirit   .   (armour unavailable)
rPois    +         Reflect  .   (helmet unavailable)
rElec    .         Harm     .   (cloak unavailable)
rCorr    .         Rampage  .   (gloves unavailable)
Will     .....                  (boots unavailable)
Stlth    ++........             (no amulet)
HPRegen  0.08/turn              (no ring)
MPRegen  0.10/turn              (no ring)

@: quick
A: very small, no armour, no weapons or thrown items, stealth, claws 1, fangs 3,
see invisible, speed 1, poison resistance, shaggy fur 1, evolution 1, sharp paws
a: Renounce Religion


You were on level 4 of the Dungeon.
You worshipped Xom.
You were a favourite toy of Xom.
You visited 1 branch of the dungeon, and saw 4 of its levels.

You collected 154 gold pieces.

Inventory:

Wands
 g - a wand of iceblast (2)
Scrolls
 b - a scroll of enchant weapon {unknown}
 c - 2 scrolls of identify
 d - 2 scrolls of amnesia {unknown}
 e - a scroll of fear {unknown}
 h - a scroll of random uselessness {unknown}
 j - 2 scrolls of teleportation {unknown}
 l - a scroll of immolation {unknown}
Potions
 a - 2 potions of lignification
 f - a potion of cancellation
 i - a potion of curing
 k - a potion of flight


   Skills:
 - Level 3.0 Fighting
 + Level 6.6 Dodging
 + Level 5.3 Unarmed Combat


You had 4 spell levels left.
You didn't know any spells.
Your spell library contained the following spells:

 Spells                   Type           Power        Failure   Level
 Animate Skeleton         Necr           0%           28%         1
 Apportation              Tloc           0%           28%         1
 Corona                   Hex            0%           28%         1
 Summon Small Mammal      Summ           0%           28%         1


Dungeon Overview and Level Annotations

Branches:
Dungeon (4/15)
 Temple: D:4-7

Altars:

Annotations:
D:4 Robin


Innate Abilities, Weirdness & Mutations

You cannot wear armour.
You are incapable of wielding weapons or throwing items.
Your paws allow you to move quietly. (Stealth)
You have sharp claws.
You have razor-sharp teeth.
You have supernaturally acute eyesight. (SInv)
You cover ground quickly.
You are covered in fur. (AC +1)
Your sharp claws are effective at attacking unaware monsters.
Your system is resistant to poisons. (rPois)
You evolve.


Message History

The orc wizard hits you with a +0 dagger.
* * * LOW HITPOINT WARNING * * *
Your shadow imp barely misses the orc wizard.
Robin says, "Duck!"
Robin roars a battlecry!
The goblins go into a battle-frenzy!
Unknown command.
You barely miss the orc wizard.
The orc wizard is almost dead.
The orc wizard completely misses you. The goblin misses you.
A goblin comes into view. It is wielding a +0 club.
Your shadow imp misses the orc wizard.
Unknown command.
You feel better.
The orc wizard points at you and mumbles some strange words.
The puff of frost hits you!
* * * LOW HITPOINT WARNING * * *
The orc wizard hits you with a +0 dagger.
You die... "Huh?
Did I miss anything?"

# #.## . ..D# ## #..#
#.# #..# #.# #..# #.#
####..# ##.##
.....§###...##
#####.##....†########.#
....†.......555o@gg.g.#
.####^##....5#######gg#
.# #.###...## ..# .#
#.# ##..# # .# #.# ##.#
.# #.#####.# .#
#....##.## .#
####.#...###### .#
#..........#


You could see Robin, an orc wizard (fast, invisible), 4 goblins, 3 friendly
shadow imps and a friendly ufetubus (summoned).

Vanquished Creatures
  A scorpion (D:2)
  Ijyb (D:3)
  2 worker ants (D:4)
  2 adders (D:2)
  3 oozes
  3 worms
  3 dart slugs (D:1)
  4 leopard geckos
  6 orcs (D:3)
  7 giant cockroaches
  14 goblins
  13 hobgoblins
  A jackal (D:1)
  6 kobolds
  2 quokkas
  2 ball pythons
  9 bats
  5 frilled lizards
  8 rats
92 creatures vanquished.

Vanquished Creatures (collateral kills)
  An iguana (D:4)
  An orc (D:4)
2 creatures vanquished.

Grand Total: 94 creatures vanquished

Notes
Turn   | Place    | Note
-------+----------+-------------------------------------------
     0 | D:1      | inc the Felid Chaos Knight began the quest for the Orb.
     0 | D:1      | Reached XP level 1. HP: 10/10 MP: 2/2
    99 | D:1      | XOM: potion effect (haste)
   172 | D:1      | Reached XP level 2. HP: 13/14 MP: 3/3
   253 | D:1      | XOM: silly message
   303 | D:1      | XOM: silly message
   325 | D:1      | XOM: silly message
   401 | D:1      | XOM: silly message
   482 | D:1      | Reached skill level 4 in Dodging
   487 | D:1      | XOM: give mutations
   487 | D:1      | Gained mutation: Your system is resistant to poisons.
                  | (rPois) [Xom's grace]
   487 | D:1      | Gained mutation: You evolve. [Xom's grace]
   855 | D:1      | Reached XP level 3. HP: 17/17 MP: 4/4
   858 | D:1      | Gained mutation: Your spells are a little easier to cast,
                  | but a little less powerful. [evolution]
   942 | D:1      | XOM: god gift: 18 gold pieces
  1015 | D:1      | XOM: 5-stop teleportation journey
  1226 | D:1      | XOM: scenery: 1 doors close
  1698 | D:1      | XOM is BORED!
  1698 | D:1      | XOM: summons 1 hostile demon
  1699 | D:1      | Noticed a red devil
  1825 | D:2      | Noticed a scorpion
  1836 | D:2      | Killed a scorpion
  1837 | D:2      | Reached skill level 5 in Dodging
  1837 | D:2      | Reached XP level 4. HP: 21/21 MP: 5/5
  1977 | D:2      | Lost mutation: Your spells are a little easier to cast, but
                  | a little less powerful. [evolution]
  2232 | D:2      | Reached XP level 5. HP: 12/24 MP: 6/6
  2638 | D:2      | XOM: noise
  2683 | D:3      | Noticed Ijyb
  2706 | D:3      | Killed Ijyb
  2880 | D:3      | Reached skill level 6 in Dodging
  3498 | D:3      | XOM: god gift: 5 stones
  3629 | D:4      | Reached skill level 5 in Unarmed Combat
  3818 | D:4      | Noticed a steam dragon
  3818 | D:4      | a worker ant changed into a steam dragon
  3818 | D:4      | XOM: polymorph worker ant -> steam dragon
  3830 | D:4      | Killed from afar by a steam dragon
  3831 | D:4      | Reached XP level 4. HP: -6/21 MP: 5/5
  3837 | D:4      | XOM: summons friendly ufetubus
  3844 | D:4      | Reached XP level 5. HP: 13/24 MP: 6/6
  4038 | D:4      | XOM: summons 5 friendly demons
  4049 | D:4      | Noticed Robin
  4055 | D:4      | Slain by an orc wizard

Illustrated notes

Levels and vault maps discovered:
D:1:      dpeg_arrival_stonehenge_8_columns, layout_basic, minivault_19,
          st_stairs_5
D:2:      minmay_inner_zag, layout_loops_ring
D:3:      layout_basic, uniq_ijyb
D:4:      layout_loops_ring, uniq_robin

Skill      XL: |  1  2  3  4  5 |
---------------+----------------+-----
Dodging        | 4 5 6 |  6.6
Unarmed Combat | 4 5 |  5.3
Fighting       | |  3.0

Action                   |  1- 3 |  4- 6 || total
-------------------------+-------+-------++-------
Melee: Unarmed           |   132 |   184 ||   316
       Bite              |     9 |    19 ||    28
       Punch             |     2 |     2 ||     4
  Use: Scroll            |       |     4 ||     4
       Potion            |       |     1 ||     1
 Stab: Sleeping          |     2 |     7 ||     9
Armor: Skin              |     6 |     9 ||    15
Dodge: Dodged            |   121 |   122 ||   243
